 Dungeon Crawl Stone Soup version 0.29.1 (webtiles) character file.

Game seed: 12080486051562027305

3873 greasedhog the Cleaver (level 10, -5/76 HPs)
             Began as a Formicid Fighter on Sept 14, 2022.
             Was a Priest of Okawaru.
             Slain by a troll (8 damage)
             ... on level 9 of the Dungeon.
             The game lasted 00:09:21 (8763 turns).

greasedhog the Cleaver (Formicid Fighter)           Turns: 8763, Time: 00:09:21

Health: -5/76      AC: 13    Str: 25    XL:     10   Next: 42%
Magic:  14/14      EV:  9    Int:  8    God:    Okawaru [***...]
Gold:   323        SH: 13    Dex: 16    Spells: 9/9 levels left

rFire   x . .      SeeInvis +   f - +0 battleaxe
rCold   + . .      Faith    .   g - +3 warlock's mirror {reflect}
rNeg    . . .      Spirit   .   v - +0 plate armour
rPois   .          Reflect  +   (helmet unavailable)
rElec   .          Harm     .   (no cloak)
rCorr   .          Rampage  .   k - +0 pair of gloves
Will    +....                   (no boots)
Stlth   ..........              E - amulet "Fuusiacw" {Reflect Dex+3 SH+5}
HPRegen 0.22/turn               o - ring of flight
MPRegen 0.14/turn               H - ring of ice

@: flying
A: permanent stasis, dig shafts and tunnels, antennae 3, four strong arms
a: Dig, Shaft Self, Renounce Religion, Heroism


You were on level 9 of the Dungeon.
You worshipped Okawaru.
Okawaru was most pleased with you.
You visited 2 branches of the dungeon, and saw 11 of its levels.

You collected 323 gold pieces.

Inventory:

Hand Weapons
 f - a +0 battleaxe (weapon)
 m - a +0 flail
Missiles
 b - a throwing net
 q - 6 curare-tipped darts (quivered)
Armour
 g - the +3 warlock's mirror (worn) {reflect}
   (You acquired it on level 1 of the Dungeon)

   It can block and reflect piercing ranged attacks and magical attacks against
   the wielder's willpower.
 k - a +0 pair of gloves (worn)
 v - a +0 plate armour (worn)
Jewellery
 o - a ring of flight (left hand)
 E - the amulet "Fuusiacw" (around neck) {Reflect Dex+3 SH+5}
   (You found it on level 7 of the Dungeon)

   [amulet of reflection]

   It reflects blocked missile attacks.
   Dex:       It affects your dexterity (+3).
   SH:        It affects your SH (+5).
 H - a ring of ice (right hand)
Wands
 G - a wand of paralysis (8)
 K - a wand of roots (8)
Scrolls
 c - a scroll of magic mapping
 j - 2 scrolls of fog
 p - 2 scrolls of poison
 r - 2 scrolls of fear {unknown}
 t - a scroll of silence {unknown}
 y - a scroll of immolation {unknown}
 z - a scroll of enchant weapon
 A - a scroll of vulnerability
 F - a scroll of torment
 I - 3 scrolls of enchant armour {unknown}
Potions
 a - a potion of cancellation {unknown}
 d - a potion of might
 e - a potion of haste {unknown}
 h - 3 potions of flight {unknown}
 i - 2 potions of degeneration {unknown}
 l - 9 potions of curing {unknown}
 n - a potion of berserk rage {unknown}
 s - a potion of brilliance {unknown}
 u - 2 potions of mutation {unknown}
 w - a potion of resistance {unknown}
 x - 2 potions of lignification {unknown}
 B - 3 potions of magic {unknown}
 C - 2 potions of attraction {unknown}
 D - 2 potions of ambrosia {unknown}
 J - a potion of heal wounds {unknown}


   Skills:
 - Level 5.7 Fighting
 * Level 10.3 Axes
 - Level 5.3 Armour
 - Level 5.3 Dodging
 - Level 5.0 Shields
 * Level 6.3 Invocations


You had 9 spell levels left.
You didn't know any spells.
Your spell library contained the following spells:

 Spells                   Type           Power      Damage    Failure   Level
 Foxfire                  Conj/Fire      0%         2x1d4     100%        1
 Shock                    Conj/Air       0%         1d3       100%        1
 Poisonous Vapours        Pois/Air       0%         N/A       100%        2
 Conjure Flame            Conj/Fire      0%         6-21      100%        3
 Inner Flame              Hex/Fire       0%         N/A       100%        3
 Airstrike                Air            0%         2d(0-16)  100%        4
 Corpse Rot               Necr/Pois/Air  0%         N/A       100%        4
 Flame Wave               Conj/Fire      0%         2d4       100%        4
 Hailstorm                Conj/Ice       0%         3d3       100%        4
 Ice Form                 Ice/Tmut       0%         N/A       100%        4
 Olgreb's Toxic Radiance  Pois           0%         N/A       100%        4
 Ozocubu's Refrigeration  Ice            0%         4d7       100%        7
 Ignition                 Fire           0%         3d3       100%        8
 Swiftness                Air            Unusable   N/A       N/A         3
 Simulacrum               Ice/Necr       Unusable   N/A       N/A         6

Dungeon Overview and Level Annotations

Branches:
Dungeon (10/15)            Temple (1/1) D:5
   Lair: D:8-11         Orc: D:9-12

Altars:
Ashenzari
Cheibriados
Dithmenos
Elyvilon
Fedhas
Gozag
Hepliaklqana
Kikubaaqudgha
Makhleb
Nemelex Xobeh
Okawaru
Qazlal
Ru
Sif Muna
Trog
Uskayaw
Vehumet
Wu Jian
Xom
Yredelemnul
Zin
The Shining One

Shops:
D:6 :


Innate Abilities, Weirdness & Mutations

You cannot be hasted, slowed, berserked, paralysed or teleported.
You can dig through walls and to a lower floor.
You have a pair of large antennae on your head. (SInv)
Your four strong arms can wield two-handed weapons with a shield.


Message History

The troll bites you but does no damage. The troll claws you.
You block the troll's attack.
The howler monkey hoots and howls with incredible vigour!
You block the troll's attack. The troll barely misses you. x2
You hear a shout! x4; You hear an angry buzzing noise.
You hear a shout! x4
You hear a bellow!
You hear a shout!
You hear two shouts!
You hear a shout! x3
You hear a bellow!
You slice the troll!!
The troll is almost dead.
You hit the howler monkey.
The howler monkey hoots and howls with incredible vigour!
The troll bites you.
* * * LOW HITPOINT WARNING * * *
You block the troll's attack. The troll claws you.
* * * LOW HITPOINT WARNING * * *
You block the howler monkey's attack.
You hear a shout! x2; You hear a bellow!
You hear a shout! x2
You barely miss the troll.
The troll is almost dead.
You closely miss the howler monkey. You block the troll's attack.
The troll claws you.
* * * LOW HITPOINT WARNING * * *
The troll barely misses you. You block the howler monkey's attack.
Unknown command.
You closely miss the troll.
The troll is almost dead.
You closely miss the howler monkey. You block the howler monkey's attack.
The troll bites you but does no damage. You block the troll's attack.
The troll closely misses you. You block the howler monkey's attack.
Unknown command.
You hit the troll.
The troll is almost dead.
You hit the howler monkey. You block the troll's attack.
The troll claws you but does no damage. The troll claws you!
* * * LOW HITPOINT WARNING * * *
You block the howler monkey's attack. You block the troll's attack.
The troll claws you.
* * * LOW HITPOINT WARNING * * *
The troll claws you!
You die...

..~≈≈....##..
...~~.......# #......
..#.~~......# #......
.......#.##.###..... .
....(..#.....##...# ..
....##........#..# ..h
##..##...........####?...
##..#####........#..h..#
.>..# #..#..(.@#)....##
#...# #####...hT)......
##### #.#(..)......
##.##....$...
#####....... #.....#
.###+# .# .#


You could see a troll and a howler monkey.

Vanquished Creatures
  An unseen horror zombie (D:8)
  Prince Ribbit (D:5)
  Sigmund (D:5)
  A centaur simulacrum (D:10)
  An unseen horror simulacrum (D:10)
  A wyvern (D:10)
  Eustachio (D:6)
  A steam dragon (D:8)
  2 water moccasins
  2 ice beasts (D:6)
  An ogre (D:4)
  2 centaurs
  A kobold brigand (D:9)
  3 bullfrogs
  2 necrophages
  8 scorpions
  2 wights (D:8)
  3 electric eels
  A howler monkey (D:5)
  5 jellies
  2 hounds (D:5)
  An orc priest (D:6)
  A gnoll bouda (D:6)
  2 orc wizards (D:6)
  2 killer bee zombies (D:8)
  4 howler monkey zombies (D:8)
  12 adders
  20 gnolls
  A shadow imp (D:7)
  A white imp (D:5)
  An ufetubus (D:7)
  4 worms
  3 dart slugs
  15 orcs
  10 endoplasms
  6 goblins
  7 hobgoblins
  5 jackals
  3 quokkas
  6 ball pythons
  4 bats
  2 frilled lizards (D:3)
  9 kobolds
  7 rats
168 creatures vanquished.

Notes
Turn   | Place    | Note
-------+----------+-------------------------------------------
     0 | D:1      | greasedhog the Formicid Fighter began the quest for the
                  | Orb.
     0 | D:1      | Reached XP level 1. HP: 18/18 MP: 1/1
     8 | D:1      | Noticed an electric eel
    40 | D:1      | Reached XP level 2. HP: 23/24 MP: 2/2
   284 | D:1      | Reached XP level 3. HP: 16/30 MP: 3/3
   669 | D:1      | Identified a scroll of acquirement
   670 | D:1      | Acquired the +3 warlock's mirror {reflect}
   670 | D:1      | Found the +3 warlock's mirror {reflect}
   863 | D:2      | Reached skill level 3 in Axes
  1165 | D:2      | Reached XP level 4. HP: 37/37 MP: 4/4
  1671 | D:3      | Found a sparkling altar of Nemelex Xobeh.
  1812 | D:3      | Found a blossoming altar of Fedhas.
  1959 | D:3      | Identified the +11 spear of Wyoreoty {spect, Contam rElec
                  | rPois}
  2137 | D:3      | Reached XP level 5. HP: 43/43 MP: 5/5
  2282 | D:3      | Reached skill level 5 in Fighting
  2472 | D:3      | Reached skill level 4 in Axes
  2941 | D:4      | Noticed an ogre
  2950 | D:4      | Killed an ogre
  2951 | D:4      | Reached XP level 6. HP: 13/51 MP: 6/6
  3462 | D:4      | Reached skill level 5 in Axes
  3462 | D:4      | Reached XP level 7. HP: 46/57 MP: 7/7
  4141 | D:5      | Entered Level 5 of the Dungeon
  4163 | D:5      | Found a shimmering altar of Xom.
  4710 | D:5      | Found a staircase to the Ecumenical Temple.
  4724 | Temple   | Entered the Ecumenical Temple
  5286 | Temple   | Became a worshipper of Warmaster Okawaru
  5382 | D:5      | Reached skill level 5 in Armour
  5385 | D:5      | Reached skill level 6 in Axes
  5385 | D:5      | Reached XP level 8. HP: 63/64 MP: 8/8
  5450 | D:5      | Reached skill level 1 in Dodging
  5580 | D:5      | Noticed Sigmund
  5587 | D:5      | Killed Sigmund
  5841 | D:6      | Found a snail-covered altar of Cheibriados.
  5955 | D:6      | Reached skill level 7 in Axes
  6084 | D:6      | Noticed Eustachio
  6087 | D:6      | Noticed Prince Ribbit
  6093 | D:6      | Reached * piety under Okawaru
  6355 | D:5      | Killed Prince Ribbit
  6356 | D:5      | Reached XP level 9. HP: 38/69 MP: 9/9
  6529 | D:6      | Killed Eustachio
  6530 | D:6      | Reached skill level 8 in Axes
  6653 | D:6      | Found Feveudwith's Book Shoppe.
  6705 | D:6      | Found an ancient bone altar of Kikubaaqudgha.
  6710 | D:6      | Reached skill level 5 in Dodging
  7131 | D:7      | Found a glowing golden altar of the Shining One.
  7171 | D:7      | Reached skill level 1 in Invocations
  7172 | D:7      | Identified the amulet "Fuusiacw" {Reflect Dex+3 SH+5}
  7326 | D:7      | Found a hide-covered altar of Uskayaw.
  7447 | D:7      | Found a glowing silver altar of Zin.
  7528 | D:7      | Reached ** piety under Okawaru
  7634 | D:7      | Reached skill level 9 in Axes
  7636 | D:7      | Reached skill level 5 in Shields
  7912 | D:8      | Reached XP level 10. HP: 46/76 MP: 10/12
  8080 | D:8      | Reached *** piety under Okawaru
  8162 | D:8      | Found an opulent altar of Gozag.
  8188 | D:8      | Reached skill level 5 in Invocations
  8369 | D:8      | Found a stormy altar of Qazlal.
  8380 | D:8      | You are sucked into a shaft and drop 2 floors!
  8380 | D:10     | Entered Level 10 of the Dungeon
  8400 | D:10     | Reached skill level 10 in Axes
  8763 | D:9      | HP: 3/76 [troll (5)]
  8763 | D:9      | Slain by a troll

Illustrated notes

Levels and vault maps discovered:
D:1:      arrival_aquarium_a, layout_rooms, minmay_pentomino_w2
D:2:      wad_pebble_path, layout_basic, amcnicky_mini_rare_corridor_liquid
D:3:      layout_loops_ring, nemelex_xobeh_ov_fountains_minmay,
          amcnicky_altar_gilded, lightli_sewer_entry_pipes
D:4:      layout_basic
D:5:      layout_basic, xom_teletrap_fun, minmay_temple_entry_ruins,
          uniq_sigmund
D:6:      layout_loops_ring, mainiacjoe_overflow_alcove_2,
          nicolae_kikubaaqudgha_miasma_corner, glass_columns_a,
          nicolae_take_the_stairs, uniq_eustachio, uniq_prince_ribbit1
D:7:      layout_basic, lemuel_crystal_altar, mainiacjoe_overflow_cross_hatched,
          mainiacjoe_overflow_24_doors, glass_columns_b
D:8:      layout_gridville, overflow_temple_1_default,
          nicolae_gozag_cash_rules_everything_around_me, serial_undead,
          serial_undead_f, serial_undead_f, serial_undead_a, serial_undead_a,
          lightli_minifort
D:9:      layout_cave_pools, lair_entry_dummy, orc_0_dummy, serial_column_ruins,
          column_ruins_hut, column_ruins_columns_corner,
          column_ruins_open_small, column_ruins_open_small,
          column_ruins_open_small_water, column_ruins_open_small_water,
          column_ruins_grid_1, column_ruins_columns_straight, serial_shops,
          kennysheep_little_box, nrook_mini_vaults, uniq_maurice
D:10:     layout_layer_cave, serial_ice, serial_ice_k, serial_ice_b,
          serial_ice_m, serial_ice_h
Temple:   chequers_temple_sunken

Skill      XL: |  1  2  3  4  5  6  7  8  9 10 |
---------------+-------------------------------+-----
Fighting       | 4 5 |  5.7
Axes           | 3 4 5 6 7 9 10 | 10.3
Armour         | 4 5 |  5.3
Dodging        | 4 5 |  5.3
Invocations    | 3 6 |  6.3
Shields        | 5 |  5.0

Action                   |  1- 3 |  4- 6 |  7- 9 | 10-12 || total
-------------------------+-------+-------+-------+-------++-------
Melee: War axe           |    14 |       |       |       ||    14
       Battleaxe         |    62 |   152 |   305 |    80 ||   599
  Use: Scroll            |     4 |     1 |     4 |     1 ||    10
Armor: Scale mail        |    40 |    56 |       |       ||    96
       Plate armour      |       |     8 |   212 |    27 ||   247
Dodge: Dodged            |    35 |    59 |   130 |    25 ||   249
Block: Buckler           |    31 |    68 |   167 |    88 ||   354
       Reflection        |       |     1 |     6 |     4 ||    11
